 Dungeon Crawl Stone Soup version 0.31-a0-844-gdc52ec4e09 (webtiles) character file.

Game seed: 4975153594284069137

28 Pixllover the Trooper (level 3, 0/24 HPs)
             Began as a Gargoyle Berserker on Sept 28, 2023.
             Was a Follower of Trog.
             Slain by a gnoll
             ... wielding a +0 spear
              (5 damage)
             ... on level 2 of the Dungeon.
             The game lasted 00:02:06 (1005 turns).

Pixllover the Trooper (Gargoyle Berserker)          Turns: 1005, Time: 00:02:06

Health: 0/24       AC:  8    Str: 22    XL:     3   Next: 12%
Magic:  3/3        EV: 11    Int:  7    God:    Trog [*.....]
Gold:   42         SH:  0    Dex:  9    Spells: 2/2 levels left

rFire   . . .        h - +1 mace (holy)
rCold   . . .        (no shield)
rNeg    + . .        c - +0 ring mail
rPois   ∞            (no helmet)
rElec   +            (no cloak)
rCorr   .            (no gloves)
SInv    .            (no boots)
Will    .....        (no amulet) Stlth
                     (no ring)
HPRegen 0.24/turn    (no ring)
MPRegen 0.08/turn

%: no passive effects
@: no status effects
A: sickness immunity, AC +3, negative energy resistance 1, electricity
resistance, torment resistance 1, petrification resistance
a: Renounce Religion, Berserk


You were on level 2 of the Dungeon.
You worshipped Trog.
Trog was aware of your devotion.
You visited 1 branch of the dungeon, and saw 2 of its levels.

You collected 42 gold pieces.

Inventory:

Hand Weapons
 h - a +1 mace of holy wrath (weapon)
Armour
 c - a +0 ring mail (worn)
Scrolls
 b - 2 scrolls of revelation {unknown}
 e - a scroll of identify {unknown}
Potions
 a - a potion of curing {unknown}
 d - a potion of might {unknown}
 f - a potion of resistance {unknown}


   Skills:
 + Level 3.9 Fighting
 + Level 3.1 Axes
 + Level 2.5 Armour
 + Level 1.6 Dodging


You had 2 spell levels left.
You didn't know any spells.
Your spell library was empty.

Dungeon Overview and Level Annotations

Branches:
Dungeon (2/15)

Altars:
Kikubaaqudgha

Shops:
D:2 =


Innate Abilities, Weirdness & Mutations

You are immune to sickness and miasma.
Your stone body is resilient. (AC +3)
You are immune to poison.
You resist negative energy. (rN+)
You are resistant to electric shocks. (rElec)
You are resistant to unholy torment.
You are immune to petrification.


Message History

The bat hits you but does no damage. The bat misses you.
You miss the bat. The bat hits you. The bat hits you but does no damage.
You hit the bat.
You kill the bat!
Trog accepts your kill.
You start resting.
A gnoll comes into view. It is wielding a +0 halberd.
The gnoll shouts!
A gnoll comes into view. It is wielding a +0 spear.
The gnoll shouts!
The gnoll barely misses you.
A rat comes into view.
The gnoll hits you with a +0 halberd.
The rat moves out of view.
The gnoll barely misses you. The gnoll closely misses you.
You completely miss the gnoll.
The gnoll hits you from afar with a +0 spear.
The gnoll closely misses you.
You barely miss the gnoll. The gnoll closely misses you.
The gnoll completely misses you.
You hit the gnoll but do no damage.
The gnoll hits you from afar with a +0 spear.
The gnoll closely misses you. The gnoll barely misses you.
A gnoll comes into view. It is wielding a +0 whip.
The gnoll barely misses you. x2
You see here a +0 dagger.
You hit the gnoll but do no damage. The gnoll hits you with a +0 halberd.
The gnoll hits you but does no damage.
You hit the gnoll but do no damage. The gnoll closely misses you.
The gnoll hits you but does no damage.
You hit the gnoll.
The gnoll is lightly wounded.
The gnoll closely misses you. The gnoll barely misses you.
The gnoll hits you from afar with a +0 spear.
The gnoll hits you with a +0 halberd. The gnoll completely misses you.
The gnoll attacks as it pursues you!
The gnoll hits you from afar with a +0 spear.
The gnoll hits you with a +0 halberd.
* * * LOW HITPOINT WARNING * * *
The gnoll hits you from afar with a +0 spear.
You die...

#.........# ....
#.........#.....
#.........#.....
#...............
#.........#.....
#...............
###.......†.......
##...........#.....
###..#...@..∩........
##...)..<.g..#..##....
#.....###g####.## .#.
#....### #g# ... #
..........>.........
....###...........=..
.... #............_..
#.. #.............. ..
#.............


You could see 3 gnolls.

Vanquished Creatures
  A worm (D:2)
  4 bats
  2 endoplasms
  5 goblins
  A hobgoblin (D:1)
  2 jackals (D:1)
  2 quokkas (D:1)
  2 ball pythons
  A kobold (D:2)
  4 rats
24 creatures vanquished.

Notes
Turn   | Place    | Note
-------+----------+-------------------------------------------
     0 | D:1      | Pixllover the Gargoyle Berserker began the quest for the
                  | Orb.
     0 | D:1      | Reached XP level 1. HP: 14/14 MP: 1/1
   142 | D:1      | Reached XP level 2. HP: 7/19 MP: 2/2
   510 | D:1      | You fall into a shaft and drop 1 floor!
   878 | D:2      | Found Imeumm's Jewellery Shop.
   911 | D:2      | Found an ancient bone altar of Kikubaaqudgha.
   925 | D:2      | Reached XP level 3. HP: 6/24 MP: 3/3
  1005 | D:2      | Slain by a gnoll

Illustrated notes

Levels and vault maps discovered:
D:1:      dpeg_arrival_stone_temple_mockup, layout_loops_cross, st_stairs_4,
          dreamdust_mushroom_princess, kennysheep_small_spiral
D:2:      layout_rooms, serial_shops, nicolae_shop_crystal, shop,
          nicolae_shop_bloodbath_and_beyond, shop, nicolae_shop_tiny_glass,
          basic_altar, hellmonk_ecumenical_altar_pennies_from_heaven,
          minmay_tromino_v7

Skill      XL: |  1  2 |
---------------+-------+-----
Axes           | 3 |  3.1
Fighting       | |  3.9
Armour         | |  2.5
Dodging        | |  1.6

Action                     || total
---------------------------++-------
  Melee: Hand axe          ||    55
         Punch             ||     1
         Mace              ||    34
 Armour: Ring mail         ||    78
  Dodge: Dodged            ||    70

Table legend: (Time is in decaauts)
 A = Elapsed time spent in this place.
 B = Non-inter-level travel time spent in this place.
 C = Inter-level travel time spent in this place.
 D = Time resting spent in this place.
 E = Time spent auto-exploring this place.
 F = Levels seen in this place.
 G = Mean time per level.
                   A        B        C        D        E       F      G
               +--------+--------+--------+--------+--------+-----+--------+
         Total |   1021 |    994 |     27 |     86 |    561 |   2 |  510.5 |
       Dungeon |   1021 |    994 |     27 |     86 |    561 |   2 |  510.5 |
               +--------+--------+--------+--------+--------+-----+--------+

Top non-repeatable levels by time:
     D:1: 866 daAuts
     D:2: 155 daAuts
